 Dungeon Crawl Stone Soup version 0.30-a0-55-g90e3122c3a (webtiles) character file.

Game seed: 7901797378766380377

65 kae the Firebug (level 3, -6/19 HPs)
             Began as a Deep Elf Fire Elementalist on Sept 9, 2022.
             Mangled by a gnoll
             ... wielding a +0 flail
              (9 damage)
             ... on level 2 of the Dungeon.
             The game lasted 00:01:17 (1347 turns).

kae the Firebug (Deep Elf Fire Elementalist)        Turns: 1347, Time: 00:01:18

Health: -6/19      AC:  2    Str:  5    XL:     3   Next: 92%
Magic:  2/10       EV: 12    Int: 21    God:
Gold:   142        SH:  0    Dex: 15    Spells: 3/9 levels left

rFire   . . .      SeeInvis .    (no weapon)
rCold   . . .      Faith    .    (no shield)
rNeg    . . .      Spirit   .    a - +0 robe
rPois   .          Reflect  .    (no helmet)
rElec   .          Harm     .    (no cloak)
rCorr   .          Rampage  .    (no gloves)
Will    .....                    (no boots)
Stlth   ++........               (no amulet)
HPRegen 0.06/turn                (no ring)
MPRegen 0.12/turn                (no ring)

@: mighty
A: no striking features
a: no special abilities


You were on level 2 of the Dungeon.
You visited 1 branch of the dungeon, and saw 2 of its levels.

You collected 142 gold pieces.


   Skills:
 - Level 2.4 Dodging
 - Level 2.4 Stealth
 + Level 3.7 Spellcasting
 * Level 2.8 Conjurations
 * Level 4.2 Fire Magic


You had 3 spell levels left.
You knew the following spells:

 Your Spells              Type           Power      Damage    Failure   Level
a - Foxfire               Conj/Fire      72%        2x1d7     3%          1
b - Scorch                Fire           42%        2d7       3%          2
c - Conjure Flame         Conj/Fire      18%        6-21      9%          3

Your spell library contained the following spells:

 Spells                   Type           Power      Damage    Failure   Level
 Inner Flame              Hex/Fire       12%        N/A       16%         3
 Ignite Poison            Fire/Tmut/Pois 9%         N/A       22%         3
 Mephitic Cloud           Conj/Pois/Air  7%         N/A       26%         3
 Flame Wave               Conj/Fire      18%        2d7       28%         4
 Freezing Cloud           Conj/Ice/Air   3%         6-21      93%         5

Inventory:

Missiles
 c - 7 poisoned darts
 d - 6 stones
Armour
 a - a +0 robe (worn)
Jewellery
 F - a ring of fire
   (You found it on level 1 of the Dungeon)
 G - an amulet of guardian spirit
   (You found it on level 1 of the Dungeon)
Scrolls
 g - 2 scrolls of identify {unknown}
 j - a scroll of silence {unknown}
Potions
 b - a potion of magic
 f - a potion of degeneration {unknown}

Dungeon Overview and Level Annotations

Branches:
Dungeon (2/15) Zot: 10652

Altars:

...........###..............
##.#####.#####...###########
#..# #.....#...#
##.####.....#...#
#...##.....#...#
###........#...#
###......#...###.. .
##........+....... ..
#..##...@##...# ...
##.######gg).r.## .... #..#
######..## ./... ##.##
#########..#...... ##)..#
#........v........ #..).#
#+###............. #+..+#
#............. ♣.PP)♣
#..........### ♣.PP♣♣
#..........#


You could see 2 gnolls and a rat.


Message History

Confirm with . or Enter, or press ? or * to list all spells.
You miscast Foxfire.
You are very lightly contaminated with residual magic.
Nothing appears to happen. 😎 MP[-1]
You lost 1 mp, and now have 9/10 mp.
Casting: Foxfire (safe; 3% risk of failure)
Confirm with . or Enter, or press ? or * to list all spells.
You conjure some foxfire!
The foxfire hits the gnoll.
Your magical contamination has completely faded away. 😎 MP[-1]
You lost 1 mp, and now have 8/10 mp.
Casting: Foxfire (safe; 3% risk of failure)
Confirm with . or Enter, or press ? or * to list all spells.
You conjure some foxfire!
The foxfire hits the gnoll.
Casting: Foxfire (safe; 3% risk of failure)
Confirm with . or Enter, or press ? or * to list all spells.
You conjure some foxfire!
The foxfire hits the gnoll but does no damage.
The foxfire hits the gnoll.
A ball python comes into view. 😎 MP[-1]
You lost 1 mp, and now have 7/10 mp.
Casting: Foxfire (safe; 3% risk of failure)
Confirm with . or Enter, or press ? or * to list all spells.
You conjure some foxfire!
The ball python hisses angrily.
A gnoll comes into view. It is wielding a +0 club.
The foxfire hits the gnoll. x2; The gnoll misses you. 😎 MP[-1]
You lost 1 mp, and now have 6/10 mp.
The gnoll attacks as you move away! The gnoll barely misses you.
Casting: Foxfire (safe; 3% risk of failure)
Confirm with . or Enter, or press ? or * to list all spells.
Flames lash the gnoll.
You kill the gnoll!
You hear a shout! 😎 MP[-1]
You lost 1 mp, and now have 5/10 mp.
A gnoll comes into view. It is wielding a +0 flail.
Casting: Scorch (safe; 3% risk of failure)
Confirm with . or Enter, or press ? or * to list all spells.
Flames lash the ball python.
You kill the ball python!
A gnoll comes into view. It is wielding a +0 club. 😎 MP[-2]
You lost 2 mp, and now have 3/10 mp.
Casting: Scorch (safe; 3% risk of failure)
Confirm with . or Enter, or press ? or * to list all spells.
Flames lash the gnoll.
The gnoll's fire resistance burns away.
The gnoll hits you with a +0 club. 😕 HP[-1] MP[-2]
You take 1 damage, and now have 18/19 hp.
You lost 2 mp, and now have 1/10 mp.
Casting: Scorch (safe; 3% risk of failure)
Confirm with . or Enter, or press ? or * to list all spells.
You conjure some foxfire!
The gnoll hits you with a +0 club! The gnoll hits you with a +0 flail.
* * * LOW HITPOINT WARNING * * *
The foxfire hits the gnoll.
The gnoll is burned terribly!
The foxfire hits the gnoll.
The gnoll is burned terribly!
You kill the gnoll!
The gnoll barely misses you. 😨 HP[-11] MP[-1]
You take 11 damage, and now have 7/19 hp.
MASSIVE DAMAGE!! (PAUSE)
You lost 1 mp, and now have 0/10 mp.
It was a potion of curing.
You feel better. The gnoll hits you with a +0 flail!
* * * LOW HITPOINT WARNING * * *
😨 HP[+2] MP[+1]
You regained 2 hp, and now have 9/19 hp.
It was a potion of might.
You feel very mighty all of a sudden. The gnoll closely misses you.
It was a potion of heal wounds.
You feel much better. 😎 HP[+10]
Your hp is fully restored (19).
You barely miss the gnoll. The gnoll misses you. x2
You hit the gnoll. The gnoll hits you with a +0 flail.
The gnoll hits you with a +0 club.
* * * LOW HITPOINT WARNING * * *
😨 HP[-11]
You take 11 damage, and now have 8/19 hp.
MASSIVE DAMAGE!! (PAUSE)
You hit the gnoll. The gnoll barely misses you.
The gnoll hits you but does no damage.
Unknown command.
You hit the gnoll. The gnoll barely misses you. x2
You barely miss the gnoll. The gnoll misses you.
A rat comes into view.
The gnoll closely misses you.
You closely miss the gnoll. The gnoll closely misses you.
The gnoll hits you with a +0 club.
* * * LOW HITPOINT WARNING * * *
😱 HP[-5] MP[+1]
You take 5 damage, and now have 3/19 hp.
MASSIVE DAMAGE!! (PAUSE)
You closely miss the gnoll. The gnoll hits you with a +0 flail!
You die...

Skill      XL: |  1  2  3 |
---------------+----------+-----
Conjurations   | 2 |  2.8
Fire Magic     | 4 |  4.2
Dodging        | |  2.4
Stealth        | |  2.4
Spellcasting   | |  3.7

Action                   || total
-------------------------++-------
Melee: Unarmed           ||     7
 Cast: Foxfire           ||    48
       Scorch            ||    10
  Use: Potion            ||     3
Armor: Robe              ||     4
Dodge: Dodged            ||    23

Levels and vault maps discovered:
D:1:      scummos_arrival_simple_crosswalls, layout_loops_cross,
          nicolae_ecumenical_snake_handling, minmay_misc_feat_nine_boxes
D:2:      layout_basic, uniq_crazy_yiuf_cottage, uniq_robin

Notes
Turn   | Place    | Note
-------+----------+-------------------------------------------
     0 | D:1      | kae the Deep Elf Fire Elementalist began the quest for the
                  | Orb.
     0 | D:1      | Reached XP level 1. HP: 10/10 MP: 6/6
     0 | D:1      | magus.rc [v1.11.3]
   174 | D:1      | Reached XP level 2. HP: 15/15 MP: 5/8
   199 | D:1      | Found a faded altar of an unknown god.
   503 | D:1      | Reached skill level 2 in Conjurations
   908 | D:1      | Reached XP level 3. HP: 19/19 MP: 5/9
  1007 | D:2      | Learned a level 2 spell: Scorch
  1013 | D:2      | Reached skill level 4 in Fire Magic
  1018 | D:2      | Learned a level 3 spell: Conjure Flame
  1248 | D:2      | You add the spells Ignite Poison, Mephitic Cloud and
                  | Freezing Cloud to your library.
  1346 | D:2      | HP: 3/19 [gnoll/+0 club (5)]
  1347 | D:2      | Mangled by a gnoll

Vanquished Creatures
  An adder (D:2)
  2 gnolls (D:2)
  A dart slug (D:2)
  2 endoplasms (D:1)
  A giant cockroach (D:2)
  A goblin (D:1)
  5 hobgoblins (D:1)
  2 jackals (D:1)
  3 kobolds (D:1)
  2 quokkas (D:1)
  6 ball pythons
  2 bats (D:1)
  4 rats
32 creatures vanquished.

Vanquished Creatures (others)
  77 foxfires
77 creatures vanquished.

Grand Total: 109 creatures vanquished

Table legend:
 A = Non-vault XP
 B = Vault XP
 C = Vault XP percentage of total XP
 D = Non-vault monster count
 E = Vault monster count
 F = Vault count percentage of total count
                 A         B        C        D         E       F
            +---------+---------+-------+---------+---------+-------
      Total |      89 |       4 |   4.3 |      29 |       3 |   9.4
            +---------+---------+-------+---------+---------+-------
        D:1 |      38 |       4 |   9.5 |      21 |       3 |  12.5
        D:2 |      51 |       0 |   0.0 |       8 |       0 |   0.0
            +---------+---------+-------+---------+---------+-------

Illustrated notes

Table legend:
 A = Kills in this place as a percentage of kills in entire the game.
 B = Kills by you in this place as a percentage of kills by you in the entire game.
 C = Kills by friends in this place as a percentage of kills by friends in the entire game.
 D = Other kills in this place as a percentage of other kills in the entire game.
 E = Experience gained in this place as a percentage of experience gained in the entire game.
 F = Experience gained in this place divided by the number of levels of this place that you have seen.
                   A       B       C       D       E      F
               +-------+-------+-------+-------+-------+----------------------
         Total | 100.0 | 100.0 |   N/A |   N/A | 100.0 |  46.5
       Dungeon | 100.0 | 100.0 |   N/A |   N/A | 100.0 |  46.5
               +-------+-------+-------+-------+-------+----------------------

Table legend: (Time is in decaauts)
 A = Elapsed time spent in this place.
 B = Non-inter-level travel time spent in this place.
 C = Inter-level travel time spent in this place.
 D = Time resting spent in this place.
 E = Time spent auto-exploring this place.
 F = Levels seen in this place.
 G = Mean time per level.
                   A        B        C        D        E       F      G
               +--------+--------+--------+--------+--------+-----+--------+
         Total |   1346 |   1325 |     21 |      0 |   1102 |   2 |  673.0 |
       Dungeon |   1346 |   1325 |     21 |      0 |   1102 |   2 |  673.0 |
               +--------+--------+--------+--------+--------+-----+--------+

Top non-repeatable levels by time:
     D:1: 1003 daAuts
     D:2: 343 daAuts
